 Dungeon Crawl Stone Soup version 0.29.1-12-g30fa7ad0bf (webtiles) character file.

Game seed: 4183144170768365963

445 xian the Chopper (level 7, 0/55 HPs)
             Began as a Formicid Abyssal Knight on Dec 18, 2022.
             Was a Priest of Lugonu.
             Slain by an iguana (7 damage)
             ... on level 4 of the Dungeon on Dec 21, 2022.
             The game lasted 00:10:56 (3251 turns).

xian the Chopper (Formicid Abyssal Knight)          Turns: 3251, Time: 00:10:56

Health: 0/55       AC: 14    Str: 20    XL:     7   Next: 24%
Magic:  9/9        EV:  8    Int:  9    God:    Lugonu [***...]
Gold:   66         SH:  0    Dex: 14    Spells: 6/6 levels left

rFire   . . .      SeeInvis +   a - +1 hand axe
rCold   . . .      Faith    .   (no shield)
rNeg    . . .      Spirit   .   j - +0 chain mail
rPois   .          Reflect  .   (helmet unavailable)
rElec   .          Harm     +   c - scarf {harm}
rCorr   .          Rampage  .   m - +2 pair of gloves
Will    .....                   h - +0 pair of boots
Stlth   ..........              (no amulet)
HPRegen 0.18/turn               (no ring)
MPRegen 0.11/turn               (no ring)

@: no status effects
A: permanent stasis, dig shafts and tunnels, antennae 3, four strong arms
a: Dig, Shaft Self, Renounce Religion, Depart the Abyss, Bend Space, Banish


You were on level 4 of the Dungeon.
You worshipped Lugonu.
Lugonu was most pleased with you.
You visited 1 branch of the dungeon, and saw 4 of its levels.
You visited the Abyss 1 time.

You collected 116 gold pieces.
You spent 50 gold pieces at shops.

Inventory:

Hand Weapons
 a - a +1 hand axe (weapon)
Armour
 c - a scarf of harm (worn)
 h - a +0 pair of boots (worn)
 j - a +0 chain mail (worn)
 m - a +2 pair of gloves (worn)
Scrolls
 f - 3 scrolls of enchant armour
 g - a scroll of enchant weapon {unknown}
 l - 2 scrolls of amnesia
Potions
 b - a potion of lignification {unknown}
 d - a potion of haste
 e - a potion of degeneration {unknown}
 k - a potion of might


   Skills:
 + Level 4.5 Fighting
 + Level 4.6 Axes
 + Level 4.4 Armour
 + Level 1.5 Dodging
 * Level 3.9 Invocations


You had 6 spell levels left.
You didn't know any spells.
Your spell library contained the following spells:

 Spells                   Type           Power      Damage    Failure   Level
 Stone Arrow              Conj/Erth      0%         3d7       100%        3
 Animate Armour           Summ/Erth      0%         N/A       100%        4
 Lehudib's Crystal Spear  Conj/Erth      0%         10d2      100%        8
 Chain Lightning          Conj/Air       0%         N/A       100%        9
 Fire Storm               Conj/Fire      0%         5d1       100%        9
 Shatter                  Erth           0%         3d5*      100%        9


Dungeon Overview and Level Annotations

Branches:
Dungeon (4/15)
 Temple: D:4-7

Altars:
Gozag

Shops:
D:2 *   D:3 [


Innate Abilities, Weirdness & Mutations

You cannot be hasted, slowed, berserked, paralysed or teleported.
You can dig through walls and to a lower floor.
You have a pair of large antennae on your head. (SInv)
Your four strong arms can wield two-handed weapons with a shield.


Message History

An iguana comes into view.
Found a stone staircase leading down.
The iguana hisses angrily.
Things that are here:
a +0 club; a +0 club; an orc corpse You hear the slow hiss of a very distant avalanche of sand.
You closely miss the iguana. The iguana barely misses you.
You hit the iguana.
The iguana is moderately wounded.
The iguana barely misses you.
You hit the iguana.
The iguana is heavily wounded.
The iguana bites you!
* * * LOW HITPOINT WARNING * * *
You barely miss the iguana.
The iguana is heavily wounded.
The iguana bites you.
* * * LOW HITPOINT WARNING * * *
It was a potion of haste.
Your stasis prevents you from being hasted.
The iguana barely misses you.
Unknown command.
You hit the iguana but do no damage.
The iguana is heavily wounded.
The iguana bites you.
* * * LOW HITPOINT WARNING * * *
The iguana barely misses you.
You closely miss the iguana.
The iguana is heavily wounded.
The iguana barely misses you.
You hit the iguana.
The iguana is almost dead.
The iguana barely misses you.
You hit the iguana but do no damage. You punch the iguana, but do no damage.
The iguana is almost dead.
The iguana bites you but does no damage.
You barely miss the iguana.
The iguana is almost dead.
The iguana bites you.
You die...

P..............#.#
.## #....
..##...........#...#
#...
...#...........####
#...
...#....############
#... .#.#....# #....#
..§≈.≈#... .#.#....#
#....# ._§§§≈#...
.#.#....# #....#
.≈..§§.≈#...
...#....#
#....#≈.§§≈≈§.≈#...
.###
###.@..#.≈≈≈≈§≈≈.#...
..
#...l..#.........#...
#.P.....###### #....
#..8.........####....
#............#.(.....
#..8...........######
###......[....##
#.....†.....#
#..........##


You could see an iguana.

Vanquished Creatures
  A phantom (D:4)
  A water moccasin zombie (D:4)
  A hound (D:4)
  An orc priest (D:4)
  A bullfrog skeleton (D:4)
  An orc wizard (D:4)
  A scorpion zombie (D:4)
  A howler monkey zombie (D:4)
  4 gnolls (D:3)
  6 adders
  An adder zombie (D:4)
  An adder skeleton (D:4)
  3 worms
  3 dart slugs
  An orc (D:4)
  2 endoplasms
  A giant cockroach (D:1)
  4 goblins
  6 hobgoblins
  2 jackals (D:3)
  5 kobolds
  3 quokkas
  3 ball pythons (D:3)
  5 bats
  2 frilled lizards
  2 quokka zombies (D:4)
  2 rats
64 creatures vanquished.

Vanquished Creatures (others)
  A withered plant (D:4)
1 creature vanquished.

Grand Total: 65 creatures vanquished

Notes
Turn   | Place    | Note
-------+----------+-------------------------------------------
     0 | Abyss:1  | xian the Formicid Abyssal Knight began the quest for the
                  | Orb.
     0 | Abyss:1  | Reached XP level 1. HP: 18/18 MP: 2/2
    59 | Abyss:2  | Noticed a small abomination
    64 | D:1      | Escaped the Abyss
   230 | D:1      | Reached ** piety under Lugonu
   231 | D:1      | Reached XP level 2. HP: 17/24 MP: 3/3
   412 | D:1      | Found a faded altar of an unknown god.
   634 | D:2      | Found Pump's Assorted Antiques.
   640 | D:2      | Bought a scroll labelled FIUWOK QETEOFI for 25 gold pieces
   640 | D:2      | Bought a scroll labelled PIUFEA YCUPP for 25 gold pieces
   903 | D:2      | Reached XP level 3. HP: 30/30 MP: 4/4
  1483 | D:3      | Reached XP level 4. HP: 37/37 MP: 5/5
  1942 | D:3      | Noticed a kobold brigand
  2076 | D:3      | Reached XP level 5. HP: 39/42 MP: 5/7
  2085 | D:3      | Reached skill level 1 in Dodging
  2462 | D:3      | Found Jinen's Armour Shoppe.
  3021 | D:4      | Reached *** piety under Lugonu
  3049 | D:4      | Reached XP level 6. HP: 37/48 MP: 8/8
  3162 | D:4      | Found an opulent altar of Gozag.
  3191 | D:4      | Reached XP level 7. HP: 36/55 MP: 9/9
  3251 | D:4      | Slain by an iguana

Illustrated notes

Levels and vault maps discovered:
D:1:      wander_arrival_desolate, layout_rooms, ebering_ecumenical_altar_hall
D:2:      layout_basic, serial_shops, nicolae_shop_crystal
D:3:      layout_loops_corners, serial_shops, shop_statue,
          lightli_corner_chamber
D:4:      layout_basic, mainiacjoe_overflow_paths, serial_undead,
          serial_undead_e, serial_undead_e, serial_undead_a, serial_undead_c,
          nicolae_ossuary_entry_plus

Skill      XL: |  1  2  3  4  5  6 |
---------------+-------------------+-----
Armour         | 3 4 |  4.4
Fighting       | 4 |  4.5
Dodging        | 1 |  1.5
Axes           | 3 4 |  4.6
Invocations    | 3 |  3.9

Action                   |  1- 3 |  4- 6 |  7- 9 || total
-------------------------+-------+-------+-------++-------
Melee: Hand axe          |    62 |   164 |    22 ||   248
       Punch             |       |     1 |     1 ||     2
Invok: Depart the Abyss  |     1 |       |       ||     1
 Abil: Dig               |     1 |       |       ||     1
  Use: Scroll            |       |     4 |       ||     4
       Potion            |       |       |     1 ||     1
Armor: Leather armour    |     6 |       |       ||     6
       Chain mail        |    16 |    89 |    14 ||   119
       Ring mail         |     3 |       |       ||     3
Dodge: Dodged            |    31 |    93 |    11 ||   135
